 Dungeon Crawl Stone Soup version 0.28-a0-1227-ga9037bb4c8 (webtiles) character file.

Game seed: 16377946032045865192

56 sudoninja the Skirmisher (level 3, 0/44 HPs)
             Began as an Ogre Berserker on Dec 22, 2021.
             Was a Follower of Trog.
             Succumbed to an adder's poison
             ... on level 2 of the Dungeon.
             The game lasted 00:02:28 (1204 turns).

sudoninja the Skirmisher (Ogre Berserker)           Turns: 1204, Time: 00:02:28

Health: 0/44       AC:  3    Str: 23    XL:     3   Next: 97%
Magic:  3/3        EV: 10    Int:  8    God:    Trog [*.....]
Gold:   39         SH:  0    Dex:  8    Spells: 2/2 levels left

rFire   . . .      SeeInvis .     - Unarmed
rCold   . . .      Faith    .   (no shield)
rNeg    . . .      Spirit   .   a - +0 animal skin
rPois   .          Reflect  .   (helmet restricted)
rElec   .          Harm     .   (no cloak)
rCorr   .          Rampage  .   (gloves unavailable)
Will    .....                   (boots unavailable)
Stlth   +.........              (no amulet)
HPRegen 0.14/turn               (no ring)
MPRegen 0.08/turn               (no ring)

@: lethally poisoned (0 -> -2), on berserk cooldown, slowed, very slow
A: large, unfitting armour, tough skin 1
a: Renounce Religion, Berserk


You were on level 2 of the Dungeon.
You worshipped Trog.
Trog was aware of your devotion.
You visited 1 branch of the dungeon, and saw 2 of its levels.

You collected 39 gold pieces.

Inventory:

Armour
 a - a +0 animal skin (worn)
Scrolls
 d - a scroll of identify {unknown}
 g - a scroll of vulnerability {unknown}
Potions
 b - a potion of brilliance {unknown}
 c - 3 potions of curing {unknown}
 e - a potion of heal wounds {unknown}
 f - a potion of resistance {unknown}


   Skills:
 + Level 6.3 Fighting
 - Level 2.6 Dodging
 - Level 2.6 Unarmed Combat


You had 2 spell levels left.
You didn't know any spells.
Your spell library was empty.

Dungeon Overview and Level Annotations

Branches:
Dungeon (2/15)

Altars:
Cheibriados


Innate Abilities, Weirdness & Mutations

You are too large for most types of armour.
You have tough skin. (AC +1)


Message History

The frilled lizard barely misses you.
You hit the frilled lizard but do no damage.
The adder closely misses you. The frilled lizard bites you.
* * * LOW HITPOINT WARNING * * *
The adder barely misses you.
You barely miss the frilled lizard.
You feel the effects of Trog's Hand fading.
The frilled lizard bites you but does no damage.
The adder misses you. The frilled lizard barely misses you.
You hit the frilled lizard.
You kill the frilled lizard!
Trog accepts your kill. The adder closely misses you.
The adder bites you but does no damage. The adder barely misses you.
The adder misses you.
You see here a frilled lizard corpse.
You punch the adder!
The adder is severely wounded.
The adder completely misses you. The adder misses you.
You hit the adder.
The adder is almost dead.
Your skin stops crawling.
You feel less strong-willed. The adder closely misses you. The adder bites you.
* * * LOW HITPOINT WARNING * * *
You closely miss the adder.
The adder is almost dead.
The adder bites you.
* * * LOW HITPOINT WARNING * * *
You are poisoned.
The adder poisons you!
You miss the adder.
The adder is almost dead.
You feel sick. The adder bites you.
* * * LOW HITPOINT WARNING * * *
The adder barely misses you.
You hit the adder.
You kill the adder!
Trog accepts your kill.
* * * LOW HITPOINT WARNING * * *
You feel sick.
You die...

..... ..................
...#. ..................
..... ..#...............
..... #.###.............
..... . # #.#
#...#.##.#.... .....
#.##. #.# #.............
.....
.....##.###.(.#.##......
.....
.................#......
.....
.......@.....#...#......
###..
#+##...†.....#...#......
........................
........................
................_....
..!................##
.....#....#........#
............†......#
...........††......#


There were no monsters in sight!

Vanquished Creatures
  2 adders (D:2)
  An endoplasm (D:2)
  A giant cockroach (D:1)
  2 goblins (D:1)
  6 hobgoblins
  8 jackals
  2 kobolds (D:1)
  A quokka (D:2)
  4 ball pythons
  A bat (D:2)
  A frilled lizard (D:2)
  5 rats (D:1)
34 creatures vanquished.

Vanquished Creatures (others)
  A plant (D:1)
1 creature vanquished.

Grand Total: 35 creatures vanquished

Notes
Turn   | Place    | Note
-------+----------+-------------------------------------------
     0 | D:1      | sudoninja the Ogre Berserker began the quest for the Orb.
     0 | D:1      | Reached XP level 1. HP: 24/24 MP: 1/1
   153 | D:1      | Reached XP level 2. HP: 32/33 MP: 2/2
   372 | D:1      | Found a faded altar of an unknown god.
   385 | D:1      | Reached skill level 5 in Fighting
   790 | D:1      | Reached XP level 3. HP: 38/42 MP: 3/3
  1130 | D:2      | Found a snail-covered altar of Cheibriados.
  1149 | D:2      | Reached ** piety under Trog
  1188 | D:2      | Reached skill level 6 in Fighting
  1203 | D:2      | HP: 2/44 [poisoned by an adder]
  1204 | D:2      | Succumbed to an adder's poison

Illustrated notes

Levels and vault maps discovered:
D:1:      tarquinn_simple_flora_water_d, layout_basic, serial_forest,
          infiniplex_forest_lined_corner, infiniplex_forest_clump_tiny,
          infiniplex_forest_clump_diagonal, infiniplex_forest_clump_small,
          infiniplex_forest_clump_diagonal, infiniplex_forest_lined_3_way,
          infiniplex_forest_clump_C, infiniplex_forest_corner_2,
          infiniplex_forest_clump_diagonal, infiniplex_forest_clump_small,
          hellmonk_ecumenical_altar_heavens_door, ebering_dispersal_statue_hall,
          minmay_tetromino_t4
D:2:      layout_basic, basic_altar

Skill      XL: |  1  2  3 |
---------------+----------+-----
Fighting       | 5 6 |  6.3
Dodging        | |  2.6
Unarmed Combat | |  2.6

Action                   || total
-------------------------++-------
Melee: Unarmed           ||   147
Invok: Berserk           ||     1
       Trog's Hand       ||     1
  Use: Scroll            ||     1
Armor: Animal skin       ||    53
Dodge: Dodged            ||   109

Table legend: (Time is in decaauts)
 A = Elapsed time spent in this place.
 B = Non-inter-level travel time spent in this place.
 C = Inter-level travel time spent in this place.
 D = Time resting spent in this place.
 E = Time spent auto-exploring this place.
 F = Levels seen in this place.
 G = Mean time per level.
                   A        B        C        D        E       F      G
               +--------+--------+--------+--------+--------+-----+--------+
         Total |   1199 |   1199 |      0 |      0 |    864 |   2 |  599.5 |
       Dungeon |   1199 |   1199 |      0 |      0 |    864 |   2 |  599.5 |
               +--------+--------+--------+--------+--------+-----+--------+

Top non-repeatable levels by time:
     D:1: 1025 daAuts
     D:2: 173 daAuts
